 Dungeon Crawl Stone Soup version 0.15.2 (webtiles) character file.

452 Huymann the Magician (level 6, -8/34 HPs)
             Began as a Deep Elf Wizard on Feb 26, 2015.
             Was an Initiate of Vehumet.
             Mangled by a gnoll
             ... wielding a cursed -1 spear
              (11 damage)
             ... on Level 5 of the Dungeon.
             The game lasted 00:32:59 (5155 turns).

Huymann the Magician (Deep Elf Wizard)              Turns: 5155, Time: 00:32:59

HP  -8/34        AC  3     Str  5      XL: 6   Next: 75%
MP   8/21        EV 13     Int 23      God: Vehumet [......]
Gold 5           SH  0     Dex 13 (14) Spells:  5 memorised,  5 levels left

rFire  . . .     SeeInvis .     g - +1 dagger
rCold  . . .     Clarity  .     a - +1 robe
rNeg   . . .     rCorr    .     (no shield)
rPois  .         rRot     .     b - +0 hat
rElec  .         Spirit   .     (no cloak)
SustAb .         Warding  .     (no gloves)
rMut   .         Stasis   .     (no boots)
Gourm  .                        (no amulet)
MR     .....                    (no ring)
                                (no ring)

@: very slightly contaminated, hasted, very quick, not resistant to hostile
enchantments, fairly stealthy
A: no striking features
a: Renounce Religion


You were on level 5 of the Dungeon.
You worshipped Vehumet.
Vehumet was noncommittal.
You were not hungry.

You visited 2 branches of the dungeon, and saw 6 of its levels.

You collected 59 gold pieces.
You spent 54 gold pieces at shops.

Inventory:

Hand weapons
 g - a +1 dagger (weapon)
 t - a +0 blowgun
Missiles
 w - 14 poisoned needles
Armour
 a - a +1 robe (worn)
 b - a +0 hat (worn)
 e - a +0 robe
 m - a +0 robe
 n - a +0 robe
 p - a +1 leather armour of cold resistance
 r - a +2 leather armour of cold resistance
 x - a +0 robe
Comestibles
 d - 4 bread rations
 l - a chunk of orc flesh
 z - a meat ration
Scrolls
 h - a scroll of teleportation {unknown}
 j - a scroll of amnesia
 o - 2 scrolls of identify
 v - a scroll of magic mapping
Jewellery
 k - an uncursed ring of flight
Potions
 i - 2 potions of restore abilities
 A - a potion of cancellation {unknown}
Books
 c - a book of Minor Magic

   Spells                             Type                      Level
   *Magic Dart                        Conjuration                  1
   *Blink                             Translocation                2
   *Call Imp                          Summoning                    2
   Repel Missiles                     Charms/Air                   2
   Slow                               Hexes                        2
   *Conjure Flame                     Conjuration/Fire             3
   *Mephitic Cloud                    Conjuration/Poison/Air       3


   Skills:
 * Level 1.0 Fighting
 * Level 1.5 Short Blades
 + Level 3.8 Dodging
 * Level 5.1 Stealth
 + Level 5.9 Spellcasting
 * Level 3.8 Conjurations
 + Level 1.7 Summonings
 + Level 1.2 Translocations
 + Level 0.4 Air Magic
 + Level 0.4 Poison Magic


You had 5 spell levels left.
You knew the following spells:

 Your Spells              Type           Power        Failure   Level  Hunger
a - Magic Dart            Conj           ###.         1%          1    None
b - Blink                 Tloc           N/A          10%         2    None
c - Call Imp              Summ           ##......     10%         2    None
d - Mephitic Cloud        Conj/Pois/Air  ##......     14%         3    ##.....
e - Conjure Flame         Conj/Fire      ###.....     14%         3    ##.....


Dungeon Overview and Level Annotations

Branches:
Dungeon (5/15)             Temple (1/1) D:5

Altars:
Ashenzari
Cheibriados
Dithmenos
Elyvilon
Fedhas
Makhleb
Okawaru
Trog
Vehumet
Xom
Yredelemnul
Zin
The Shining One

Shops:
D:5 !

Annotations:
D:4 SaintRoka's ghost, average DsAr


Message History

Okay, then.
You are engulfed in noxious fumes.
You choke on the stench!
You are more confused.
The gnoll hits you from afar with a spear.
* * * LOW HITPOINT WARNING * * *
Your crimson imp blinks!
You continue eating.
The gnoll closely misses you.
You finish eating.
Mmm...
Vegetable.
Drink which item? (? for menu, Esc to quit)
There was something very wrong with that liquid!
You feel clumsy.
It was a potion of degeneration.
The gnoll hits you from afar with a spear!
* * * LOW HITPOINT WARNING * * *
Drink which item? (? for menu, Esc to quit)
You feel yourself speed up.
It was a potion of haste.
You feel less confused.
The gnoll hits you from afar with a spear!
You die...

### #.###### ### #...#..#
##
##.####..###.####.######
#......#.##.#...#........
#...#####..####.5# ....#
#...# ##@## ...## #...#
#..#
..#.###....######g####..#
...........##....g.....#
.................#....##
.....#...#..#######..##
.........#..# .## .....
.##. .. .... #..


You could see 2 gnolls and a friendly crimson imp.

Vanquished Creatures
  A scorpion (D:5)
  An iguana (D:5)
  2 hounds
  2 worker ants (D:5)
  6 adders
  2 giant mites
  3 worms
  3 giant geckos
  3 orcs
  11 bats
  11 goblins
  9 hobgoblins
  17 jackals
  A ball python (D:1)
  2 giant cockroaches (D:3)
  8 giant newts
  2 kobolds
  A kobold zombie (D:5)
  2 orc zombies (D:5)
  5 quokkas
  7 rats
99 creatures vanquished.

Vanquished Creatures (collateral kills)
  A crimson imp (D:5)
  2 orc priests (D:5)
  Ijyb (D:5)
  An adder (D:4)
  An orc (D:5)
  A goblin (D:3)
  A hobgoblin (D:5)
  2 jackals (D:2)
  A kobold (D:5)
  A bat (D:3)
12 creatures vanquished.

Grand Total: 111 creatures vanquished

Notes
Turn   | Place    | Note
--------------------------------------------------------------
     0 | D:1      | Huymann, the Deep Elf Wizard, began the quest for the Orb.
     0 | D:1      | Reached XP level 1. HP: 10/10 MP: 6/6
   418 | D:1      | Reached XP level 2. HP: 15/15 MP: 5/10
   864 | D:1      | Reached skill level 5 in Spellcasting
  1072 | D:1      | Reached XP level 3. HP: 19/19 MP: 6/14
  1166 | D:1      | Learned a level 2 spell: Blink
  1169 | D:1      | Learned a level 2 spell: Call Imp
  1173 | D:1      | Learned a level 3 spell: Mephitic Cloud
  1856 | D:2      | Reached XP level 4. HP: 24/24 MP: 7/17
  2744 | D:3      | Found a glowing silver altar of Zin.
  3502 | D:4      | Noticed SaintRoka's ghost (average DsAr)
  3516 | D:4      | Reached XP level 5. HP: 17/28 MP: 14/20
  3844 | D:3      | Learned a level 3 spell: Conjure Flame
  4080 | D:5      | Entered Level 5 of the Dungeon
  4111 | D:5      | Noticed Ijyb
  4132 | D:5      | Killed Ijyb
  4242 | D:5      | Found a basalt altar of Yredelemnul.
  4280 | D:5      | Reached skill level 1 in Short Blades
  4430 | D:5      | Reached XP level 6. HP: 33/33 MP: 19/21
  4587 | D:5      | Reached skill level 1 in Fighting
  4643 | D:5      | Found Opakoaf's Distillery.
  4691 | D:5      | Bought a potion of curing for 24 gold pieces
  4692 | D:5      | Bought a potion of mutation for 30 gold pieces
  4783 | D:5      | Found a staircase to the Ecumenical Temple.
  4792 | Temple   | Entered the Ecumenical Temple
  4867 | Temple   | Became a worshipper of Vehumet
  4967 | D:5      | Reached skill level 5 in Stealth
  5155 | D:5      | Mangled by a gnoll

Action                   |  1- 3 |  4- 6 || total
-------------------------+-------+-------++-------
Melee: Dagger            |     9 |   141 ||   150
 Cast: Magic Dart        |    88 |    97 ||   185
       Mephitic Cloud    |     1 |    21 ||    22
       Call Imp          |     1 |    15 ||    16
       Blink             |       |     7 ||     7
       Conjure Flame     |       |     1 ||     1
  Use: Scroll            |     2 |     8 ||    10
       Potion            |       |     6 ||     6
 Stab: Sleeping          |     3 |     3 ||     6
       Confused          |       |    10 ||    10
  Eat: Chunk             |     3 |    11 ||    14
       Pizza             |       |     1 ||     1
